Avalanche vs Maple Leafs
Created - March 19, 2024 at 19:58
Goals
|
| Avalanche |
3 |
1 |
2 |
6 |
| Maple Leafs |
2 |
0 |
2 |
4 |
|
Shots
|
| Avalanche |
12 |
7 |
12 |
31 |
| Maple Leafs |
11 |
14 |
13 |
38 |
|
1st period
1. Avalanche , Bryan Little 10 (Rickard Rakell 20, Erik Karlsson 24) at 0:35
2. Avalanche , Rickard Rakell 17 (Erik Karlsson 25, Andrei Kuzmenko 34) at 1:21 (PP)
3. Avalanche , James Van Riemsdyk 12 (Ryan O'Reilly 23, David Rundblad 16) at 5:36
4. Maple Leafs , Patrice Cormier 5 (Jon Merrill 21, Nicholas Baptiste 10) at 16:04
5. Maple Leafs , Bo Horvat 25 (Jon Merrill 22, Andre Burakovsky 40) at 18:34 (PP)
Penalties :
Ben Smith (TOR) for Roughing (Minor) at 0:38, James Van Riemsdyk (Col) for Roughing (Minor) at 17:50
2nd period
6. Avalanche , Rickard Rakell 18 (Bryan Little 25) at 11:21
Penalties :
Nicholas Baptiste (TOR) for Kneeing (Minor) at 13:23
3rd period
7. Avalanche , Andrei Kuzmenko 34 (Ryan O'Reilly 24) at 2:13 (PP)
8. Avalanche , James Van Riemsdyk 13 (David Rundblad 17, Raphael Diaz 8) at 9:53
9. Maple Leafs , Evander Kane 23 (Zach Werenski 31, Bo Horvat 44) at 10:05
10. Maple Leafs , Patrice Cormier 6 (Nicholas Baptiste 11, Brenden Dillon 12) at 12:38
Penalties :
Ben Smith (TOR) for Holding (Minor) at 1:02, Jean-Gabriel Pageau (Col) for High sticking (Minor) at 2:33, Jacob Slavin (Col) for Tripping (Minor) at 10:24, Bryan Little (Col) for Interference (Minor) at 14:15
Goalie Stats
Semyon Varlamov (Col), 34 saves from 38 shots - (0.895), W, 11-15-4, 60:00 minutes
Kristers Gudlevskis (TOR), 13 saves from 17 shots - (0.765), 31:21 minutes
Pavel Francouz (TOR), 12 saves from 14 shots - (0.857), L, 8-8-3, 28:39 minutes
Players Stats for Avalanche
Player Name G A P +/- PIM S H SB GA TA FO MP PP MP PK MP
------------------------------------------------------------------------------------
Andrei Kuzmenko 1 1 2 -1 0 8 0 0 1 0 0/1 19:31 2:36 0:00
Bryan Little 1 1 2 -1 2 1 0 0 1 0 12/22 18:27 0:00 1:32
Daniel Carr 0 0 0 0 0 1 0 1 0 0 0/0 10:23 0:00 2:52
David Rundblad 0 2 2 1 0 0 0 0 0 2 0/0 16:52 0:00 3:56
Erik Karlsson 0 2 2 -1 0 1 1 3 0 2 0/0 21:11 1:57 0:33
Jack Johnson 0 0 0 1 0 1 1 4 1 1 0/0 22:22 1:56 3:22
Jacob Slavin 0 0 0 0 2 1 0 1 1 0 0/0 23:26 1:57 2:12
James Van Riemsdyk 2 0 2 2 2 2 2 0 1 1 0/0 11:46 0:00 0:21
Jean-Gabriel Pageau 0 0 0 0 2 0 2 5 0 0 10/20 18:10 1:17 2:29
Kyle Clifford 0 0 0 0 0 2 2 1 1 1 0/1 18:36 1:17 2:25
Kyle Turris 0 0 0 0 0 1 1 0 0 0 2/6 7:30 0:00 0:00
Luke Witkowski 0 0 0 0 0 0 0 1 0 0 0/0 1:08 0:00 0:00
Patric Hornqvist 0 0 0 0 0 4 1 1 0 0 2/2 17:18 1:17 0:00
Raphael Diaz 0 1 1 1 0 0 2 0 0 0 0/0 15:07 1:56 0:00
Rickard Rakell 2 1 3 -1 0 7 1 0 1 0 0/1 18:27 2:33 0:00
Ryan Hartman 0 0 0 2 0 0 0 0 0 0 0/0 14:04 0:03 0:00
Ryan O'Reilly 0 2 2 2 0 1 0 1 1 0 9/21 18:21 2:36 3:43
Vladislav Gavrikov 0 0 0 0 0 1 0 2 0 0 0/0 20:36 0:00 3:19
Players Stats for Maple Leafs
Player Name G A P +/- PIM S H SB GA TA FO MP PP MP PK MP
------------------------------------------------------------------------------------
Aleksander Barkov 0 0 0 -1 0 5 2 0 0 0 5/11 14:50 0:00 0:00
Andre Burakovsky 0 1 1 1 0 1 1 1 1 0 0/2 19:30 4:16 0:00
Ben Smith 0 0 0 -1 4 1 1 0 0 0 0/0 18:23 2:22 1:09
Bo Horvat 1 1 2 1 0 3 1 0 0 1 20/34 20:15 4:16 0:45
Brandon Saad 0 0 0 2 0 0 1 0 0 0 0/0 8:21 0:00 0:47
Brenden Dillon 0 1 1 -1 0 1 1 0 0 1 0/0 12:16 0:00 0:00
Elias Pettersson 0 0 0 -3 0 2 0 1 0 0 4/10 14:12 2:25 0:00
Evander Kane 1 0 1 1 0 5 0 1 2 1 7/12 22:12 4:16 2:41
Haydn Fleury 0 0 0 -1 0 2 1 0 0 0 0/0 12:16 0:00 0:00
Jason Zucker 0 0 0 -1 0 2 0 1 0 2 1/1 17:59 2:24 0:45
John Klingberg 0 0 0 0 0 3 0 3 1 1 0/0 28:51 4:00 2:39
Jon Merrill 0 2 2 0 0 1 1 4 1 0 0/0 25:12 4:00 2:39
Luke Schenn 0 0 0 0 0 1 0 0 2 1 0/0 18:53 2:41 1:14
Nicholas Baptiste 0 2 2 2 2 2 3 0 0 0 0/0 7:14 0:00 0:00
Patrice Cormier 2 0 2 2 0 3 0 0 0 0 2/3 9:13 0:00 1:39
Pontus Aberg 0 0 0 -3 0 2 1 1 0 0 0/0 11:44 0:00 0:00
Tye McGinn 0 0 0 -3 0 1 1 0 0 0 0/1 12:11 0:04 0:00
Zach Werenski 0 1 1 0 0 3 1 2 0 1 0/0 22:32 2:41 1:14
3 Stars
1 - Rickard Rakell (Col)
2 - James Van Riemsdyk (Col)
3 - Patrice Cormier (TOR)
Power Play
Avalanche - 2 on 3 Attempt(s) - 66.67%
Maple Leafs - 1 on 4 Attempt(s) - 25.00%
Penalty Kill
Avalanche - 3 on 4 Attempt(s) - 75.00%
- Score 0 goal in Penalty Kill
Maple Leafs - 1 on 3 Attempt(s) - 33.33%
- Score 0 goal in Penalty Kill
Team Stat
Avalanche - Hits : 13 - Faceoff Wins : 35 - Blocked Shots : 20 - Penalty Minutes : 8
Maple Leafs - Hits : 15 - Faceoff Wins : 39 - Blocked Shots : 14 - Penalty Minutes : 6
Official
Referees : Kyle Rehman and Francis Charron
Linesman : Derek Amell and Kiel Murchison
Game Notes
Luke Witkowski is injured at 10:23 of 1st period (Separated Left Shoulder)
Pavel Francouz enters game at 11:21 of 2nd period
Finance
Level 1 -- Attendance: 6000 (100.00%) -- Ticket Income $600,000
Level 2 -- Attendance: 4580 (91.60%) -- Ticket Income $274,800
Level 3 -- Attendance: 1901 (95.05%) -- Ticket Income $66,535
Level 4 -- Attendance: 4000 (100.00%) -- Ticket Income $100,000
Luxury Box -- Attendance: 955 (95.50%) -- Ticket Income $191,000
Game was played at the Scotiabank Arena.
Total Attendance: 17436 (96.87%)
Total Ticket Income: $1,232,335
Other Income: $184,850
Total Income: $1,417,185
Avalanche
5 vs 5 Forward
Center Left Wing Right Wing Time % Phy DF OF
1 Jean-Gabriel Pageau Kyle Clifford Patric Hornqvist 34 0 2 3
2 Bryan Little Andrei Kuzmenko Rickard Rakell 34 0 2 3
3 Ryan O'Reilly James Van Riemsdyk Ryan Hartman 25 0 2 3
4 Kyle Turris Daniel Carr Luke Witkowski 7 1 3 1
5 vs 5 Defense
Defense Defense Time % Phy DF OF
1 Jacob Slavin Erik Karlsson 38 1 2 2
2 Jack Johnson Vladislav Gavrikov 35 1 2 2
3 Raphael Diaz David Rundblad 27 1 2 2
4 Raphael Diaz David Rundblad 0 0 5 0
PowerPlay Forward
Center Left Wing Right Wing Time % Phy DF OF
1 Ryan O'Reilly Andrei Kuzmenko Rickard Rakell 50 0 1 4
2 Jean-Gabriel Pageau Kyle Clifford Patric Hornqvist 50 0 1 4
PowerPlay Defense
Defense Defense Time % Phy DF OF
1 Erik Karlsson Jacob Slavin 50 0 2 3
2 Jack Johnson Raphael Diaz 50 0 2 3
Penalty Kill 4 Players Forward
Center Wing Time % Phy DF OF
1 Jean-Gabriel Pageau Luke Witkowski 50 1 3 1
2 Ryan O'Reilly Kyle Clifford 50 1 3 1
Penalty Kill 4 Players Defense
Defense Defense Time % Phy DF OF
1 David Rundblad Jack Johnson 50 1 3 1
2 Vladislav Gavrikov Jacob Slavin 50 1 3 1
Penalty Kill - 3 Players Forward
Forward Time % Phy DF OF
1 Kyle Clifford 55 1 4 0
2 Rickard Rakell 45 1 4 0
Penalty Kill - 3 Players Defense
Defense Defense Time % Phy DF OF
1 David Rundblad Jacob Slavin 50 1 4 0
2 Jack Johnson Raphael Diaz 50 1 4 0
4 vs 4 Forward
Center Wing Time % Phy DF OF
1 Jean-Gabriel Pageau Rickard Rakell 50 1 2 2
2 Bryan Little Kyle Clifford 50 1 2 2
4 vs 4 Defense
Defense Defense Time % Phy DF OF
1 Jack Johnson Jacob Slavin 55 1 2 2
2 Vladislav Gavrikov David Rundblad 45 1 2 2
Last Minutes Offensive
Center Left Wing Right Wing Defense Defense
Jean-Gabriel Pageau Kyle Clifford Patric Hornqvist Erik Karlsson Raphael Diaz
Last Minutes Defensive
Center Left Wing Right Wing Defense Defense
Jean-Gabriel Pageau Kyle Clifford Luke Witkowski Jacob Slavin David Rundblad
Goaltenders
Starting : Semyon Varlamov
Backup : Marek Mazanek
Extra Forwards
Normal : Ryan Hartman, Ryan O'Reilly, Andrei Kuzmenko - PP : Andrei Kuzmenko, Ryan O'Reilly - PK : Ryan O'Reilly
Extra Defensemen
Normal : Vladislav Gavrikov, David Rundblad, Jack Johnson - PP : Jack Johnson - PK : Jacob Slavin, David Rundblad
Penalty Shots
Andrei Kuzmenko, Patric Hornqvist, Kyle Turris, Bryan Little, Kyle Clifford
Custom OT Lines Forwards
Bryan Little, Patric Hornqvist, Kyle Clifford, Andrei Kuzmenko, Jean-Gabriel Pageau, Rickard Rakell, Ryan O'Reilly, Ryan Hartman, James Van Riemsdyk, Kyle Turris
Custom OT Lines Defensemen
Jack Johnson, Jacob Slavin, Raphael Diaz, David Rundblad, Vladislav Gavrikov
Scratches
Jarred Tinordi (Healthy), Joel Edmundson (Healthy), Stefan Elliott (Broken Bone (Left Foot) Injury), Tobias Enstrom (Healthy)
Maple Leafs
5 vs 5 Forward
Center Left Wing Right Wing Time % Phy DF OF
1 Bo Horvat Evander Kane Andre Burakovsky 40 1 2 2
2 Aleksander Barkov Jason Zucker Ben Smith 30 1 2 2
3 Elias Pettersson Tye McGinn Pontus Aberg 20 1 2 2
4 Patrice Cormier Brandon Saad Nicholas Baptiste 10 1 2 2
5 vs 5 Defense
Defense Defense Time % Phy DF OF
1 Zach Werenski John Klingberg 40 1 2 2
2 Jon Merrill Luke Schenn 30 1 2 2
3 Brenden Dillon Haydn Fleury 20 1 2 2
4 John Klingberg Jon Merrill 10 1 2 2
PowerPlay Forward
Center Left Wing Right Wing Time % Phy DF OF
1 Bo Horvat Evander Kane Andre Burakovsky 60 1 2 2
2 Elias Pettersson Jason Zucker Ben Smith 40 1 2 2
PowerPlay Defense
Defense Defense Time % Phy DF OF
1 Jon Merrill John Klingberg 60 1 2 2
2 Zach Werenski Luke Schenn 40 1 2 2
Penalty Kill 4 Players Forward
Center Wing Time % Phy DF OF
1 Evander Kane Ben Smith 60 1 2 2
2 Bo Horvat Jason Zucker 40 1 2 2
Penalty Kill 4 Players Defense
Defense Defense Time % Phy DF OF
1 Jon Merrill John Klingberg 60 1 2 2
2 Zach Werenski Luke Schenn 40 1 2 2
Penalty Kill - 3 Players Forward
Forward Time % Phy DF OF
1 Evander Kane 60 1 2 2
2 Ben Smith 40 1 2 2
Penalty Kill - 3 Players Defense
Defense Defense Time % Phy DF OF
1 Jon Merrill John Klingberg 60 1 2 2
2 Zach Werenski Luke Schenn 40 1 2 2
4 vs 4 Forward
Center Wing Time % Phy DF OF
1 Evander Kane Ben Smith 60 1 2 2
2 Bo Horvat Jason Zucker 40 1 2 2
4 vs 4 Defense
Defense Defense Time % Phy DF OF
1 Jon Merrill John Klingberg 60 1 2 2
2 Zach Werenski Luke Schenn 40 1 2 2
Last Minutes Offensive
Center Left Wing Right Wing Defense Defense
Bo Horvat Evander Kane Andre Burakovsky Jon Merrill John Klingberg
Last Minutes Defensive
Center Left Wing Right Wing Defense Defense
Bo Horvat Evander Kane Ben Smith Jon Merrill John Klingberg
Goaltenders
Starting : Kristers Gudlevskis
Backup : Pavel Francouz
Extra Forwards
Normal : Tye McGinn, Brandon Saad, Patrice Cormier - PP : Tye McGinn, Brandon Saad - PK : Patrice Cormier
Extra Defensemen
Normal : Brenden Dillon, Haydn Fleury, Zach Werenski - PP : Brenden Dillon - PK : Haydn Fleury, Zach Werenski
Penalty Shots
Evander Kane, Ben Smith, Bo Horvat, Jason Zucker, Aleksander Barkov
Custom OT Lines Forwards
Evander Kane, Ben Smith, Bo Horvat, Jason Zucker, Aleksander Barkov, Tye McGinn, Brandon Saad, Patrice Cormier, Pontus Aberg, Elias Pettersson
Custom OT Lines Defensemen
Jon Merrill, John Klingberg, Zach Werenski, Luke Schenn, Brenden Dillon
Scratches
Brett Pesce (Healthy), Valentin Zykov (Healthy)
% Time on Ice - Avalanche
Lines # - Real PCT - Wanted PCT - Time Play
Normal Forward
1 - 29% - 34% - 14:27
2 - 33% - 34% - 16:13
3 - 22% - 25% - 11:01
4 - 16% - 7% - 7:45
Normal Defense
1 - 38% - 38% - 18:58
2 - 35% - 35% - 17:32
3 - 26% - 27% - 12:54
4 - 0% - 0% - 0:02
PP Forward
1 - 67% - 50% - 2:36
2 - 33% - 50% - 1:17
PP Defense
1 - 50% - 50% - 1:57
2 - 50% - 50% - 1:56
PK Forward
1 - 64% - 50% - 4:16
2 - 36% - 50% - 2:25
PK Defense
1 - 50% - 50% - 3:22
2 - 50% - 50% - 3:19
PK3 Forward
1 - 0% - 55%
2 - 0% - 45%
PK3 Defense
1 - 0% - 50%
2 - 0% - 50%
44 Forward
1 - 0% - 50%
2 - 0% - 50%
44 Defense
1 - 0% - 55%
2 - 0% - 45%
Last Minute Offensive - 0:00
Last Minute Defensive - 0:00
Total
Forward - 60:00
Defense - 60:00
|
% Time on Ice - Maple Leafs
Lines # - Real PCT - Wanted PCT - Time Play
Normal Forward
1 - 31% - 40% - 15:15
2 - 31% - 30% - 15:13
3 - 24% - 20% - 11:44
4 - 15% - 10% - 7:14
Normal Defense
1 - 38% - 40% - 18:42
2 - 30% - 30% - 14:58
3 - 25% - 20% - 12:16
4 - 7% - 10% - 3:30
PP Forward
1 - 64% - 60% - 4:16
2 - 36% - 40% - 2:25
PP Defense
1 - 60% - 60% - 4:00
2 - 40% - 40% - 2:41
PK Forward
1 - 81% - 60% - 3:08
2 - 19% - 40% - 0:45
PK Defense
1 - 68% - 60% - 2:39
2 - 32% - 40% - 1:14
PK3 Forward
1 - 0% - 60%
2 - 0% - 40%
PK3 Defense
1 - 0% - 60%
2 - 0% - 40%
44 Forward
1 - 0% - 60%
2 - 0% - 40%
44 Defense
1 - 0% - 60%
2 - 0% - 40%
Last Minute Offensive - 0:00
Last Minute Defensive - 0:00
Total
Forward - 60:00
Defense - 60:00
|
Play-by-Play
1st period
0:01 of 1st period - Bo Horvat wins face-off versus Jean-Gabriel Pageau in neutral zone.
0:04 of 1st period - Slapshot by Zach Werenski.
0:04 of 1st period - Stopped by Semyon Varlamov with a rebound.
0:33 of 1st period - Snap shot by Bryan Little.
0:33 of 1st period - Shot Misses the Net.
0:35 of 1st period - Wrist shot by Bryan Little.
0:35 of 1st period - Goal by Bryan Little - Avalanche : 1 - Maple Leafs : 0.
0:36 of 1st period - Aleksander Barkov wins face-off versus Ryan O'Reilly in neutral zone.
0:38 of 1st period - Minor Penalty to Ben Smith for Roughing.
0:39 of 1st period - Evander Kane wins face-off versus Ryan O'Reilly in Maple Leafs zone.
0:46 of 1st period - Off-side.
0:47 of 1st period - Evander Kane wins face-off versus Ryan O'Reilly in neutral zone.
0:59 of 1st period - Icing by Jacob Slavin.
1:00 of 1st period - Ryan O'Reilly wins face-off versus Bo Horvat in Avalanche zone.
1:05 of 1st period - Backhand shot by Erik Karlsson.
1:05 of 1st period - Shot Blocked by Jason Zucker.
1:17 of 1st period - Snap shot by Andrei Kuzmenko.
1:17 of 1st period - Shot Misses the Net.
1:19 of 1st period - Slapshot by Erik Karlsson.
1:19 of 1st period - Shot Misses the Net.
1:21 of 1st period - Snap shot by Rickard Rakell.
1:21 of 1st period - Goal by Rickard Rakell - Avalanche : 2 - Maple Leafs : 0.
1:22 of 1st period - Aleksander Barkov wins face-off versus Ryan O'Reilly in neutral zone.
1:54 of 1st period - Raphael Diaz is hit by Bo Horvat and loses puck.
2:13 of 1st period - Jack Johnson is hit by Brenden Dillon and loses puck.
2:42 of 1st period - Snap shot by Pontus Aberg.
2:42 of 1st period - Shot Misses the Net.
2:44 of 1st period - Slapshot by Jon Merrill.
2:44 of 1st period - Stopped by Semyon Varlamov without a rebound.
2:45 of 1st period - Bryan Little wins face-off versus Aleksander Barkov in Avalanche zone.
2:52 of 1st period - Slapshot by Andrei Kuzmenko.
2:52 of 1st period - Shot Blocked by Jon Merrill.
2:56 of 1st period - Snap shot by Andrei Kuzmenko.
2:56 of 1st period - Shot Misses the Net.
2:58 of 1st period - Wrist shot by Jacob Slavin.
2:58 of 1st period - Shot Misses the Net.
3:00 of 1st period - Slapshot by Erik Karlsson.
3:00 of 1st period - Shot Misses the Net.
3:22 of 1st period - Icing by Jean-Gabriel Pageau.
3:23 of 1st period - Elias Pettersson wins face-off versus Jean-Gabriel Pageau in Avalanche zone.
3:30 of 1st period - Erik Karlsson is hit by Pontus Aberg.
3:34 of 1st period - Snap shot by Patric Hornqvist.
3:34 of 1st period - Stopped by Kristers Gudlevskis without a rebound.
3:35 of 1st period - Bryan Little wins face-off versus Bo Horvat in Maple Leafs zone.
4:25 of 1st period - Backhand shot by Elias Pettersson.
4:25 of 1st period - Shot Blocked by Vladislav Gavrikov.
4:45 of 1st period - Daniel Carr is hit by Nicholas Baptiste and loses puck.
4:50 of 1st period - Backhand shot by Nicholas Baptiste.
4:50 of 1st period - Stopped by Semyon Varlamov with a rebound.
5:26 of 1st period - Snap shot by Ben Smith.
5:26 of 1st period - Shot Misses the Net.
5:36 of 1st period - Wrist shot by James Van Riemsdyk.
5:36 of 1st period - Goal by James Van Riemsdyk - Avalanche : 3 - Maple Leafs : 0.
5:37 of 1st period - Jean-Gabriel Pageau wins face-off versus Bo Horvat in neutral zone.
5:40 of 1st period - Wrist shot by Kyle Clifford.
5:40 of 1st period - Shot Blocked by Andre Burakovsky.
5:50 of 1st period - Slapshot by Patric Hornqvist.
5:50 of 1st period - Deflect By Kyle Clifford.
5:50 of 1st period - Stopped by Kristers Gudlevskis without a rebound.
5:51 of 1st period - Bryan Little wins face-off versus Bo Horvat in Maple Leafs zone.
6:18 of 1st period - Kyle Clifford is hit by Ben Smith and loses puck.
6:31 of 1st period - Slapshot by Jason Zucker.
6:31 of 1st period - Stopped by Semyon Varlamov with a rebound.
7:03 of 1st period - Erik Karlsson is hit by Haydn Fleury and loses puck.
7:14 of 1st period - Snap shot by John Klingberg.
7:14 of 1st period - Shot Blocked by Erik Karlsson.
7:50 of 1st period - Ben Smith is hit by Kyle Clifford and loses puck.
8:11 of 1st period - Jon Merrill is hit by James Van Riemsdyk.
8:17 of 1st period - Slapshot by James Van Riemsdyk.
8:17 of 1st period - Shot Misses the Net.
8:27 of 1st period - Icing by Jon Merrill.
8:28 of 1st period - Bryan Little wins face-off versus Tye McGinn in Maple Leafs zone.
8:59 of 1st period - Snap shot by Elias Pettersson.
8:59 of 1st period - Shot Misses the Net.
9:01 of 1st period - Slapshot by Tye McGinn.
9:01 of 1st period - Shot Blocked by Jack Johnson.
9:23 of 1st period - Wrist shot by Pontus Aberg.
9:23 of 1st period - Stopped by Semyon Varlamov without a rebound.
9:24 of 1st period - Jean-Gabriel Pageau wins face-off versus Bo Horvat in Avalanche zone.
9:31 of 1st period - Slapshot by Erik Karlsson.
9:31 of 1st period - Shot Blocked by Zach Werenski.
10:15 of 1st period - Slapshot by Erik Karlsson.
10:15 of 1st period - Stopped by Kristers Gudlevskis without a rebound.
10:16 of 1st period - Bo Horvat wins face-off versus Kyle Turris in Maple Leafs zone.
10:21 of 1st period - Backhand shot by Jon Merrill.
10:21 of 1st period - Shot Misses the Net.
10:23 of 1st period - Snap shot by Evander Kane.
10:23 of 1st period - Shot Blocked by Luke Witkowski.
10:23 of 1st period - Luke Witkowski from Avalanche is injured at 10:23 of 1st period (Separated Left Shoulder).
10:24 of 1st period - Bo Horvat wins face-off versus Jean-Gabriel Pageau in Avalanche zone.
10:51 of 1st period - Andrei Kuzmenko is hit by Aleksander Barkov and loses puck.
11:16 of 1st period - Snap shot by John Klingberg.
11:16 of 1st period - Shot Misses the Net.
11:49 of 1st period - Icing by Bo Horvat.
11:50 of 1st period - Elias Pettersson wins face-off versus Jean-Gabriel Pageau in Maple Leafs zone.
12:41 of 1st period - Snap shot by Evander Kane.
12:41 of 1st period - Shot Hit the Post.
13:21 of 1st period - Elias Pettersson is hit by Jean-Gabriel Pageau and loses puck.
13:50 of 1st period - Wrist shot by Jason Zucker.
13:50 of 1st period - Shot Blocked by Jack Johnson.
14:42 of 1st period - Slapshot by Kyle Clifford.
14:42 of 1st period - Deflect By Rickard Rakell.
14:42 of 1st period - Stopped by Kristers Gudlevskis without a rebound.
14:43 of 1st period - Bryan Little wins face-off versus Elias Pettersson in Maple Leafs zone.
15:52 of 1st period - Snap shot by Rickard Rakell.
15:52 of 1st period - Stopped by Kristers Gudlevskis with a rebound.
15:54 of 1st period - Slapshot by Raphael Diaz.
15:54 of 1st period - Deflect By Bryan Little.
15:54 of 1st period - Shot Blocked by Zach Werenski.
15:54 of 1st period - Puck is out of play.
15:55 of 1st period - Patrice Cormier wins face-off versus Bryan Little in Maple Leafs zone.
16:04 of 1st period - Wrist shot by Patrice Cormier.
16:04 of 1st period - Goal by Patrice Cormier - Avalanche : 3 - Maple Leafs : 1.
16:05 of 1st period - Bo Horvat wins face-off versus Bryan Little in neutral zone.
16:48 of 1st period - Icing by Jason Zucker.
16:49 of 1st period - Ryan O'Reilly wins face-off versus Aleksander Barkov in Maple Leafs zone.
16:58 of 1st period - Wrist shot by Andrei Kuzmenko.
16:58 of 1st period - Stopped by Kristers Gudlevskis with a rebound.
17:00 of 1st period - Snap shot by Andrei Kuzmenko.
17:00 of 1st period - Stopped by Kristers Gudlevskis with a rebound.
17:02 of 1st period - Slapshot by Jacob Slavin.
17:02 of 1st period - Deflect By Andrei Kuzmenko.
17:02 of 1st period - Shot Misses the Net.
17:02 of 1st period - Puck is out of play.
17:03 of 1st period - Jean-Gabriel Pageau wins face-off versus Bo Horvat in Maple Leafs zone.
17:50 of 1st period - Minor Penalty to James Van Riemsdyk for Roughing.
17:51 of 1st period - Bo Horvat wins face-off versus Jean-Gabriel Pageau in Avalanche zone.
17:56 of 1st period - Wrist shot by Andre Burakovsky.
17:56 of 1st period - Stopped by Semyon Varlamov without a rebound.
17:57 of 1st period - Evander Kane wins face-off versus Jean-Gabriel Pageau in Avalanche zone.
18:00 of 1st period - Wrist shot by Evander Kane.
18:00 of 1st period - Shot Blocked by Jack Johnson.
18:02 of 1st period - Wrist shot by Bo Horvat.
18:02 of 1st period - Stopped by Semyon Varlamov with a rebound.
18:04 of 1st period - Slapshot by John Klingberg.
18:04 of 1st period - Shot Blocked by Jean-Gabriel Pageau.
18:06 of 1st period - Wrist shot by Bo Horvat.
18:06 of 1st period - Shot Blocked by Jean-Gabriel Pageau.
18:08 of 1st period - Slapshot by Jon Merrill.
18:08 of 1st period - Shot Blocked by Jean-Gabriel Pageau.
18:10 of 1st period - Slapshot by John Klingberg.
18:10 of 1st period - Deflect By Evander Kane.
18:10 of 1st period - Stopped by Semyon Varlamov with a rebound.
18:30 of 1st period - Backhand shot by Andre Burakovsky.
18:30 of 1st period - Shot Misses the Net.
18:32 of 1st period - Slapshot by Jon Merrill.
18:32 of 1st period - Shot Misses the Net.
18:34 of 1st period - Snap shot by Bo Horvat.
18:34 of 1st period - Goal by Bo Horvat - Avalanche : 3 - Maple Leafs : 2.
18:35 of 1st period - Bryan Little wins face-off versus Aleksander Barkov in neutral zone.
18:42 of 1st period - Wrist shot by Andrei Kuzmenko.
18:42 of 1st period - Stopped by Kristers Gudlevskis without a rebound.
18:43 of 1st period - Bryan Little wins face-off versus Aleksander Barkov in Maple Leafs zone.
18:44 of 1st period - Snap shot by Andrei Kuzmenko.
18:44 of 1st period - Stopped by Kristers Gudlevskis with a rebound.
18:47 of 1st period - Icing by Aleksander Barkov.
18:48 of 1st period - Aleksander Barkov wins face-off versus Jean-Gabriel Pageau in Maple Leafs zone.
19:07 of 1st period - Snap shot by Ben Smith.
19:07 of 1st period - Shot Blocked by Vladislav Gavrikov.
19:11 of 1st period - Snap shot by Aleksander Barkov.
19:11 of 1st period - Shot Blocked by Kyle Clifford.
19:13 of 1st period - Slapshot by Aleksander Barkov.
19:13 of 1st period - Stopped by Semyon Varlamov without a rebound.
19:14 of 1st period - Bryan Little wins face-off versus Bo Horvat in Avalanche zone.
19:57 of 1st period - Icing by Rickard Rakell.
19:58 of 1st period - Evander Kane wins face-off versus Bryan Little in Avalanche zone.
Goals for this period are 3 for Avalanche vs 2 for Maple Leafs.
Shots for this period are 12 for Avalanche vs 11 for Maple Leafs.
2nd period
0:01 of 2nd period - Ryan O'Reilly wins face-off versus Andre Burakovsky in neutral zone.
0:06 of 2nd period - Zach Werenski is hit by Jack Johnson and loses puck.
1:12 of 2nd period - Slapshot by John Klingberg.
1:12 of 2nd period - Stopped by Semyon Varlamov without a rebound.
1:13 of 2nd period - Patrice Cormier wins face-off versus Kyle Turris in Avalanche zone.
1:38 of 2nd period - Andre Burakovsky is hit by Raphael Diaz and loses puck.
2:55 of 2nd period - Andre Burakovsky is hit by Kyle Turris and loses puck.
3:08 of 2nd period - Slapshot by Jon Merrill.
3:08 of 2nd period - Shot Blocked by Jean-Gabriel Pageau.
3:10 of 2nd period - Wrist shot by Jason Zucker.
3:10 of 2nd period - Shot Misses the Net.
3:14 of 2nd period - Wrist shot by Aleksander Barkov.
3:14 of 2nd period - Shot Blocked by Erik Karlsson.
3:16 of 2nd period - Snap shot by Ben Smith.
3:16 of 2nd period - Shot Blocked by Erik Karlsson.
3:18 of 2nd period - Backhand shot by Luke Schenn.
3:18 of 2nd period - Shot Blocked by Jean-Gabriel Pageau.
3:20 of 2nd period - Snap shot by Luke Schenn.
3:20 of 2nd period - Stopped by Semyon Varlamov with a rebound.
3:51 of 2nd period - Wrist shot by Patric Hornqvist.
3:51 of 2nd period - Stopped by Kristers Gudlevskis without a rebound.
3:52 of 2nd period - Kyle Turris wins face-off versus Elias Pettersson in Maple Leafs zone.
3:53 of 2nd period - Wrist shot by Patric Hornqvist.
3:53 of 2nd period - Stopped by Kristers Gudlevskis without a rebound.
3:54 of 2nd period - Kyle Turris wins face-off versus Elias Pettersson in Maple Leafs zone.
4:17 of 2nd period - Snap shot by Elias Pettersson.
4:17 of 2nd period - Shot Misses the Net.
5:01 of 2nd period - Slapshot by Zach Werenski.
5:01 of 2nd period - Shot Blocked by Daniel Carr.
5:23 of 2nd period - Slapshot by Pontus Aberg.
5:23 of 2nd period - Stopped by Semyon Varlamov with a rebound.
5:26 of 2nd period - Icing by Patric Hornqvist.
5:27 of 2nd period - Patric Hornqvist wins face-off versus Bo Horvat in Avalanche zone.
5:44 of 2nd period - Slapshot by Andre Burakovsky.
5:44 of 2nd period - Deflect By Bo Horvat.
5:44 of 2nd period - Stopped by Semyon Varlamov with a rebound.
5:54 of 2nd period - Snap shot by Rickard Rakell.
5:54 of 2nd period - Shot Misses the Net.
5:58 of 2nd period - Slapshot by Bryan Little.
5:58 of 2nd period - Shot Blocked by Jon Merrill.
6:04 of 2nd period - Slapshot by Rickard Rakell.
6:04 of 2nd period - Stopped by Kristers Gudlevskis with a rebound.
7:23 of 2nd period - Kyle Clifford is hit by Zach Werenski and loses puck.
7:56 of 2nd period - James Van Riemsdyk is hit by Nicholas Baptiste and loses puck.
9:05 of 2nd period - James Van Riemsdyk is hit by Brandon Saad and loses puck.
10:09 of 2nd period - Bryan Little is hit by Aleksander Barkov and loses puck.
10:14 of 2nd period - Snap shot by Aleksander Barkov.
10:14 of 2nd period - Stopped by Semyon Varlamov without a rebound.
10:15 of 2nd period - Aleksander Barkov wins face-off versus Kyle Turris in Avalanche zone.
10:20 of 2nd period - Snap shot by Aleksander Barkov.
10:20 of 2nd period - Stopped by Semyon Varlamov with a rebound.
10:22 of 2nd period - Slapshot by Haydn Fleury.
10:22 of 2nd period - Stopped by Semyon Varlamov with a rebound.
10:24 of 2nd period - Slapshot by Jason Zucker.
10:24 of 2nd period - Stopped by Semyon Varlamov without a rebound.
10:25 of 2nd period - Evander Kane wins face-off versus Kyle Turris in Avalanche zone.
11:19 of 2nd period - Snap shot by Ryan O'Reilly.
11:19 of 2nd period - Stopped by Kristers Gudlevskis without a rebound.
11:20 of 2nd period - Bryan Little wins face-off versus Elias Pettersson in Maple Leafs zone.
11:21 of 2nd period - Wrist shot by Rickard Rakell.
11:21 of 2nd period - Goal by Rickard Rakell - Avalanche : 4 - Maple Leafs : 2.
11:21 of 2nd period - Pavel Francouz enters game.
11:22 of 2nd period - Bryan Little wins face-off versus Bo Horvat in neutral zone.
11:39 of 2nd period - Wrist shot by Evander Kane.
11:39 of 2nd period - Shot Misses the Net.
11:45 of 2nd period - Bo Horvat is hit by Rickard Rakell.
11:55 of 2nd period - Snap shot by Tye McGinn.
11:55 of 2nd period - Deflect By Elias Pettersson.
11:55 of 2nd period - Stopped by Semyon Varlamov without a rebound.
11:56 of 2nd period - Elias Pettersson wins face-off versus Jean-Gabriel Pageau in Avalanche zone.
13:23 of 2nd period - Minor Penalty to Nicholas Baptiste for Kneeing.
13:24 of 2nd period - Jean-Gabriel Pageau wins face-off versus Evander Kane in Maple Leafs zone.
13:28 of 2nd period - Slapshot by Kyle Clifford.
13:28 of 2nd period - Shot Blocked by Jon Merrill.
13:30 of 2nd period - Snap shot by Kyle Clifford.
13:30 of 2nd period - Shot Blocked by John Klingberg.
13:32 of 2nd period - Wrist shot by Patric Hornqvist.
13:32 of 2nd period - Stopped by Pavel Francouz with a rebound.
13:34 of 2nd period - Snap shot by Kyle Clifford.
13:34 of 2nd period - Shot Blocked by John Klingberg.
13:36 of 2nd period - Wrist shot by Patric Hornqvist.
13:36 of 2nd period - Shot Misses the Net.
14:10 of 2nd period - Snap shot by Bo Horvat.
14:10 of 2nd period - Shot Misses the Net.
15:11 of 2nd period - Icing by Ryan O'Reilly.
15:12 of 2nd period - Ryan O'Reilly wins face-off versus Evander Kane in Avalanche zone.
15:20 of 2nd period - Icing by Raphael Diaz.
15:21 of 2nd period - Evander Kane wins face-off versus Ryan O'Reilly in Avalanche zone.
15:23 of 2nd period - Penalty to Nicholas Baptiste is over, Nicholas Baptiste is back on ice.
15:37 of 2nd period - Icing by Brenden Dillon.
15:38 of 2nd period - Jean-Gabriel Pageau wins face-off versus Elias Pettersson in Maple Leafs zone.
15:53 of 2nd period - Wrist shot by Tye McGinn.
15:53 of 2nd period - Shot Blocked by Patric Hornqvist.
15:55 of 2nd period - Snap shot by Haydn Fleury.
15:55 of 2nd period - Stopped by Semyon Varlamov with a rebound.
17:04 of 2nd period - Icing by Luke Schenn.
17:05 of 2nd period - Patric Hornqvist wins face-off versus Patrice Cormier in Maple Leafs zone.
17:10 of 2nd period - Snap shot by Kyle Clifford.
17:10 of 2nd period - Shot Misses the Net.
17:19 of 2nd period - Off-side.
17:20 of 2nd period - Bo Horvat wins face-off versus Bryan Little in neutral zone.
17:47 of 2nd period - Andrei Kuzmenko is hit by Tye McGinn and loses puck.
18:56 of 2nd period - Wrist shot by Ryan O'Reilly.
18:56 of 2nd period - Shot Blocked by Jon Merrill.
19:06 of 2nd period - Slapshot by Tye McGinn.
19:06 of 2nd period - Stopped by Semyon Varlamov without a rebound.
19:07 of 2nd period - Jean-Gabriel Pageau wins face-off versus Elias Pettersson in Avalanche zone.
19:16 of 2nd period - Backhand shot by Kyle Clifford.
19:16 of 2nd period - Stopped by Pavel Francouz without a rebound.
19:17 of 2nd period - Jean-Gabriel Pageau wins face-off versus Bo Horvat in Maple Leafs zone.
19:51 of 2nd period - Wrist shot by Aleksander Barkov.
19:51 of 2nd period - Stopped by Semyon Varlamov with a rebound.
19:53 of 2nd period - Wrist shot by Aleksander Barkov.
19:53 of 2nd period - Stopped by Semyon Varlamov with a rebound.
19:55 of 2nd period - Slapshot by Brenden Dillon.
19:55 of 2nd period - Stopped by Semyon Varlamov with a rebound.
Goals for this period are 1 for Avalanche vs 0 for Maple Leafs.
Shots for this period are 7 for Avalanche vs 14 for Maple Leafs.
3rd period
0:01 of 3rd period - Bo Horvat wins face-off versus Jean-Gabriel Pageau in neutral zone.
0:03 of 3rd period - Off-side.
0:04 of 3rd period - Bo Horvat wins face-off versus Jean-Gabriel Pageau in neutral zone.
0:15 of 3rd period - Slapshot by Jack Johnson.
0:15 of 3rd period - Shot Blocked by Evander Kane.
1:02 of 3rd period - Minor Penalty to Ben Smith for Holding.
1:03 of 3rd period - Ryan O'Reilly wins face-off versus Evander Kane in Maple Leafs zone.
1:05 of 3rd period - Snap shot by Andrei Kuzmenko.
1:05 of 3rd period - Stopped by Pavel Francouz with a rebound.
1:07 of 3rd period - Snap shot by Andrei Kuzmenko.
1:07 of 3rd period - Shot Misses the Net.
1:09 of 3rd period - Slapshot by Erik Karlsson.
1:09 of 3rd period - Shot Blocked by John Klingberg.
1:11 of 3rd period - Snap shot by Jacob Slavin.
1:11 of 3rd period - Stopped by Pavel Francouz without a rebound.
1:12 of 3rd period - Ryan O'Reilly wins face-off versus Evander Kane in Maple Leafs zone.
1:13 of 3rd period - Snap shot by Andrei Kuzmenko.
1:13 of 3rd period - Shot Misses the Net.
1:17 of 3rd period - Wrist shot by Andrei Kuzmenko.
1:17 of 3rd period - Stopped by Pavel Francouz without a rebound.
1:18 of 3rd period - Evander Kane wins face-off versus Kyle Clifford in Maple Leafs zone.
1:34 of 3rd period - Backhand shot by Jack Johnson.
1:34 of 3rd period - Deflect By John Klingberg.
1:34 of 3rd period - Stopped by Pavel Francouz without a rebound.
1:35 of 3rd period - Ryan O'Reilly wins face-off versus Evander Kane in Maple Leafs zone.
1:36 of 3rd period - Snap shot by Andrei Kuzmenko.
1:36 of 3rd period - Shot Misses the Net.
2:13 of 3rd period - Wrist shot by Andrei Kuzmenko.
2:13 of 3rd period - Goal by Andrei Kuzmenko - Avalanche : 5 - Maple Leafs : 2.
2:14 of 3rd period - Jean-Gabriel Pageau wins face-off versus Aleksander Barkov in neutral zone.
2:17 of 3rd period - Ben Smith is hit by Patric Hornqvist and loses puck.
2:33 of 3rd period - Minor Penalty to Jean-Gabriel Pageau for High sticking.
2:34 of 3rd period - Bo Horvat wins face-off versus Ryan O'Reilly in Avalanche zone.
3:08 of 3rd period - Slapshot by John Klingberg.
3:08 of 3rd period - Shot Misses the Net.
3:10 of 3rd period - Wrist shot by Elias Pettersson.
3:10 of 3rd period - Shot Hit the Post.
3:12 of 3rd period - Wrist shot by John Klingberg.
3:12 of 3rd period - Stopped by Semyon Varlamov without a rebound.
3:13 of 3rd period - Bo Horvat wins face-off versus Ryan O'Reilly in Avalanche zone.
4:33 of 3rd period - Penalty to Jean-Gabriel Pageau is over, Jean-Gabriel Pageau is back on ice.
4:40 of 3rd period - Snap shot by Patrice Cormier.
4:40 of 3rd period - Shot Hit the Post.
4:42 of 3rd period - Snap shot by Patrice Cormier.
4:42 of 3rd period - Stopped by Semyon Varlamov with a rebound.
5:36 of 3rd period - Icing by Erik Karlsson.
5:37 of 3rd period - Jean-Gabriel Pageau wins face-off versus Bo Horvat in Avalanche zone.
5:37 of 3rd period - Jean-Gabriel Pageau is hit by Jon Merrill.
6:03 of 3rd period - Jack Johnson is hit by Nicholas Baptiste.
6:07 of 3rd period - Snap shot by Zach Werenski.
6:07 of 3rd period - Deflect By Nicholas Baptiste.
6:07 of 3rd period - Stopped by Semyon Varlamov with a rebound.
6:09 of 3rd period - Snap shot by Nicholas Baptiste.
6:09 of 3rd period - Shot Blocked by Jack Johnson.
6:11 of 3rd period - Slapshot by John Klingberg.
6:11 of 3rd period - Stopped by Semyon Varlamov without a rebound.
6:12 of 3rd period - Ryan O'Reilly wins face-off versus Bo Horvat in Avalanche zone.
7:05 of 3rd period - Snap shot by Elias Pettersson.
7:05 of 3rd period - Stopped by Semyon Varlamov with a rebound.
7:07 of 3rd period - Snap shot by Zach Werenski.
7:07 of 3rd period - Stopped by Semyon Varlamov with a rebound.
7:09 of 3rd period - Slapshot by Elias Pettersson.
7:09 of 3rd period - Shot Blocked by Jacob Slavin.
7:42 of 3rd period - Slapshot by Rickard Rakell.
7:42 of 3rd period - Stopped by Pavel Francouz without a rebound.
7:43 of 3rd period - Bryan Little wins face-off versus Bo Horvat in Maple Leafs zone.
7:44 of 3rd period - Slapshot by Andrei Kuzmenko.
7:44 of 3rd period - Stopped by Pavel Francouz without a rebound.
7:45 of 3rd period - Bo Horvat wins face-off versus Bryan Little in Maple Leafs zone.
7:52 of 3rd period - Icing by Rickard Rakell.
7:53 of 3rd period - Bo Horvat wins face-off versus Rickard Rakell in Avalanche zone.
8:02 of 3rd period - Slapshot by Vladislav Gavrikov.
8:02 of 3rd period - Stopped by Pavel Francouz without a rebound.
8:03 of 3rd period - Bo Horvat wins face-off versus Bryan Little in Maple Leafs zone.
8:28 of 3rd period - Jason Zucker is hit by Jean-Gabriel Pageau and loses puck.
9:03 of 3rd period - Icing by Jack Johnson.
9:04 of 3rd period - Bo Horvat wins face-off versus Ryan O'Reilly in Avalanche zone.
9:44 of 3rd period - Jon Merrill is hit by James Van Riemsdyk and loses puck.
9:49 of 3rd period - Wrist shot by James Van Riemsdyk.
9:49 of 3rd period - Shot Blocked by Pontus Aberg.
9:51 of 3rd period - Slapshot by David Rundblad.
9:51 of 3rd period - Shot Blocked by Elias Pettersson.
9:53 of 3rd period - Slapshot by James Van Riemsdyk.
9:53 of 3rd period - Goal by James Van Riemsdyk - Avalanche : 6 - Maple Leafs : 2.
9:54 of 3rd period - Bo Horvat wins face-off versus Bryan Little in neutral zone.
10:05 of 3rd period - Snap shot by Evander Kane.
10:05 of 3rd period - Goal by Evander Kane - Avalanche : 6 - Maple Leafs : 3.
10:06 of 3rd period - Bo Horvat wins face-off versus Bryan Little in neutral zone.
10:17 of 3rd period - Snap shot by Andre Burakovsky.
10:17 of 3rd period - Shot Misses the Net.
10:19 of 3rd period - Snap shot by Evander Kane.
10:19 of 3rd period - Shot Misses the Net.
10:24 of 3rd period - Minor Penalty to Jacob Slavin for Tripping.
10:25 of 3rd period - Ryan O'Reilly wins face-off versus Bo Horvat in Avalanche zone.
10:39 of 3rd period - Wrist shot by Evander Kane.
10:39 of 3rd period - Shot Misses the Net.
10:41 of 3rd period - Slapshot by John Klingberg.
10:41 of 3rd period - Shot Blocked by Ryan O'Reilly.
11:37 of 3rd period - Jack Johnson is hit by Andre Burakovsky and loses puck.
12:24 of 3rd period - Penalty to Jacob Slavin is over, Jacob Slavin is back on ice.
12:36 of 3rd period - Wrist shot by Nicholas Baptiste.
12:36 of 3rd period - Shot Hit the Post.
12:38 of 3rd period - Snap shot by Patrice Cormier.
12:38 of 3rd period - Goal by Patrice Cormier - Avalanche : 6 - Maple Leafs : 4.
12:39 of 3rd period - Jean-Gabriel Pageau wins face-off versus Aleksander Barkov in neutral zone.
12:42 of 3rd period - Jason Zucker is hit by Erik Karlsson.
14:07 of 3rd period - Off-side.
14:08 of 3rd period - Bo Horvat wins face-off versus Bryan Little in neutral zone.
14:15 of 3rd period - Minor Penalty to Bryan Little for Interference.
14:16 of 3rd period - Bo Horvat wins face-off versus Ryan O'Reilly in Avalanche zone.
15:16 of 3rd period - Snap shot by Andre Burakovsky.
15:16 of 3rd period - Deflect By Evander Kane.
15:16 of 3rd period - Stopped by Semyon Varlamov without a rebound.
15:17 of 3rd period - Jason Zucker wins face-off versus Ryan O'Reilly in Avalanche zone.
15:30 of 3rd period - Slapshot by Zach Werenski.
15:30 of 3rd period - Stopped by Semyon Varlamov with a rebound.
16:15 of 3rd period - Penalty to Bryan Little is over, Bryan Little is back on ice.
16:17 of 3rd period - Icing by Vladislav Gavrikov.
16:18 of 3rd period - Elias Pettersson wins face-off versus Ryan O'Reilly in Avalanche zone.
16:27 of 3rd period - Snap shot by Patrice Cormier.
16:27 of 3rd period - Shot Misses the Net.
17:04 of 3rd period - Snap shot by Kyle Turris.
17:04 of 3rd period - Stopped by Pavel Francouz with a rebound.
17:06 of 3rd period - Snap shot by Daniel Carr.
17:06 of 3rd period - Stopped by Pavel Francouz without a rebound.
17:07 of 3rd period - Bryan Little wins face-off versus Andre Burakovsky in Maple Leafs zone.
17:10 of 3rd period - Wrist shot by Andrei Kuzmenko.
17:10 of 3rd period - Deflect By Rickard Rakell.
17:10 of 3rd period - Stopped by Pavel Francouz without a rebound.
17:11 of 3rd period - Bo Horvat wins face-off versus Andrei Kuzmenko in Maple Leafs zone.
17:52 of 3rd period - Jon Merrill is hit by Raphael Diaz and loses puck.
18:15 of 3rd period - Jason Zucker is hit by Kyle Clifford.
18:25 of 3rd period - Wrist shot by Evander Kane.
18:25 of 3rd period - Stopped by Semyon Varlamov without a rebound.
18:26 of 3rd period - Bo Horvat wins face-off versus Bryan Little in Avalanche zone.
18:33 of 3rd period - Snap shot by Evander Kane.
18:33 of 3rd period - Stopped by Semyon Varlamov with a rebound.
18:57 of 3rd period - Snap shot by Ben Smith.
18:57 of 3rd period - Stopped by Semyon Varlamov without a rebound.
18:58 of 3rd period - Aleksander Barkov wins face-off versus Ryan O'Reilly in Avalanche zone.
Goals for this period are 2 for Avalanche vs 2 for Maple Leafs.
Shots for this period are 12 for Avalanche vs 13 for Maple Leafs.
Output by the SimonT Hockey Simulator (STHS) for Francois Prevost